 Dungeon Crawl Stone Soup version 0.26-a0-597-gb535b0901c (webtiles) character file.

Game seed: 10620601535827038590

21 Alarkh the Insei (level 2, -1/24 HPs)
             Began as a Demonspawn Monk on Sept 3, 2020.
             Slain by an adder (4 damage)
             ... on level 2 of the Dungeon.
             The game lasted 00:00:55 (865 turns).

Alarkh the Insei (Demonspawn Monk)                   Turns: 865, Time: 00:00:55

Health: -1/24      AC:  2    Str: 11    XL:     2   Next: 62%
Magic:  11/11      EV: 13    Int: 11    God:
Gold:   119        SH:  0    Dex: 15    Spells: 1/1 levels left

rFire    . . .     SeeInvis .     - Unarmed
rCold    . . .     Faith    .   (no shield)
rNeg     . . .     Spirit   .   a - +0 robe
rPois    .         Reflect  .   (no helmet)
rElec    .         Harm     .   (no cloak)
rCorr    .                      (no gloves)
MR       .....                  (no boots)
Stlth    ++........             (no amulet)
HPRegen  0.08/turn              b - ring of magical power
MPRegen  0.12/turn              (no ring)

@: lethally poisoned (-1 -> -17)
A: powered by death 1
a: no special abilities


You were on level 2 of the Dungeon.
You visited 1 branch of the dungeon, and saw 2 of its levels.

You collected 119 gold pieces.

Inventory:

Armour
 a - a +0 robe (worn)
Jewellery
 b - a ring of magical power (left hand)
 f - an uncursed ring of positive energy {unknown}
Scrolls
 d - 2 scrolls of identify {unknown}
 e - a scroll of fog {unknown}
 g - a scroll of enchant weapon {unknown}
Potions
 h - a potion of cancellation


   Skills:
 + Level 3.3 Fighting
 - Level 2.6 Dodging
 - Level 1.7 Stealth
 * Level 3.3 Unarmed Combat


You had one spell level left.
You didn't know any spells.
Your spell library was empty.

Dungeon Overview and Level Annotations

Branches:
Dungeon (2/15)

Altars:


Innate Abilities, Weirdness & Mutations

You regenerate a little health from kills.


Message History

You feel sick. The adder closely misses you. The adder misses you.
You feel sick. The adder bites you.
* * * LOW HITPOINT WARNING * * *
You are lethally poisoned!
The adder poisons you!
* * * LOW HITPOINT WARNING * * *
You feel sick.
It was a potion of lignification.
You turn into a tree.
Your +0 robe melds into your body.
Your roots penetrate the ground.
* * * LOW HITPOINT WARNING * * *
You feel sick. The adder bites you but does no damage.
It was a potion of cancellation.
Your magical effects are unravelling.
You feel magically purged.
You feel less wooden.
Your +0 robe unmelds from your body.
The adder bites you.
* * * LOW HITPOINT WARNING * * *
You are more poisoned.
The adder poisons you! The adder bites you.
You die...

#..........# #..........#
##..##..(.... ##............
#....#........ ###########
##...#..##.... .......[..#
#...#....###.
..?.....oo########............
........oooSS@................
.......#######........#####...
....... #.....)).# ####
....... #........# .......
#........# ....... #........#
....... #........# ##########


You could see 2 adders and 5 orcs.

Vanquished Creatures
  A dart slug (D:1)
  5 goblins
  3 hobgoblins
  3 bats (D:1)
  A frilled lizard (D:2)
  2 kobolds
  3 rats (D:1)
18 creatures vanquished.

Notes
Turn   | Place    | Note
-------+----------+-------------------------------------------
     0 | D:1      | Alarkh the Demonspawn Monk began the quest for the Orb.
     0 | D:1      | Reached XP level 1. HP: 18/18 MP: 1/1
   400 | D:1      | Gained mutation: You regenerate a little health from kills.
                  | [demonic ancestry]
   400 | D:1      | Reached XP level 2. HP: 21/24 MP: 2/2
   865 | D:2      | Slain by an adder

Illustrated notes

Levels and vault maps discovered:
D:1:      dpeg_arrival_tiny_g, layout_rooms, minmay_stone_trees_large,
          feat_on_display
D:2:      minmay_door_path, layout_basic, kennysheep_slug_shrine, uniq_jessica

Skill      XL: |  1 |
---------------+----+-----
Unarmed Combat | 3 |  3.3
Fighting       | |  3.3
Dodging        | |  2.6
Stealth        | |  1.7

Action                   || total
-------------------------++-------
Melee: Unarmed           ||    90
       Punch             ||     1
  Use: Potion            ||     2
 Stab: Sleeping          ||     2
Armor: Robe              ||    13
       Skin              ||     1
Dodge: Dodged            ||    71

Table legend: (Time is in decaauts)
 A = Elapsed time spent in this place.
 B = Non-inter-level travel time spent in this place.
 C = Inter-level travel time spent in this place.
 D = Time resting spent in this place.
 E = Time spent auto-exploring this place.
 F = Levels seen in this place.
 G = Mean time per level.
                   A        B        C        D        E       F      G
               +--------+--------+--------+--------+--------+-----+--------+
         Total |    859 |    840 |     19 |    275 |    396 |   2 |  429.5 |
       Dungeon |    859 |    840 |     19 |    275 |    396 |   2 |  429.5 |
               +--------+--------+--------+--------+--------+-----+--------+

Top non-repeatable levels by time:
     D:1: 784 daAuts
     D:2: 74 daAuts
